 Dungeon Crawl Stone Soup version 0.31-a0-618-g7ca08c1ff9 (webtiles) character file.

Game seed: 12810449020457309730

43 zenocrate the Insei (level 3, -6/23 HPs)
             Began as an Octopode Shapeshifter on Aug 22, 2023.
             Mangled by an ogre
             ... wielding a +0 giant club
              (29 damage)
             ... on level 4 of the Dungeon.
             The game lasted 00:02:17 (1022 turns).

zenocrate the Insei (Octopode Shapeshifter)         Turns: 1022, Time: 00:02:17

Health: -6/23      AC:  1    Str: 14    XL:     3   Next: 58%
Magic:  3/3        EV: 14    Int: 10    God:
Gold:   67         SH:  0    Dex: 14    Spells: 3/3 levels left

rFire   . .          .
                       - Unarmed
rCold   . . .        (no shield)
rNeg    . . .        (helmet currently unavailable)
rPois   .            (no amulet)
rElec   .            (no ring)
rCorr   .            (no ring)
SInv    .            (no ring)
Will    .....        (no ring)
Stlth   ++           (no ring)
HPRegen 0.23/turn    (no ring)
MPRegen 0.08/turn    (no ring)
                     (no ring)

%: no passive effects
@: beast-form, invisible
A: beast (slay +1), almost no armour, amphibious, 8 rings, camouflage 1,
gelatinous body 1, (nimble swimmer 1), tentacles
a: Begin Untransformation


You were on level 4 of the Dungeon.
You were a hulking beast.
You visited 1 branch of the dungeon, and saw 3 of its levels.

You collected 67 gold pieces.

Inventory:

Talismans
 b - a beast talisman (active)
 c - a flux talisman
Scrolls
 d - a scroll of teleportation
 h - a scroll of enchant armour {unknown}
Potions
 a - a potion of lignification
 f - a potion of berserk rage


   Skills:
 - Level 1.0 Fighting
 + Level 3.0 Dodging
 + Level 3.7 Unarmed Combat
 + Level 0.5 Spellcasting
 - Level 3.0 Shapeshifting


You had 3 spell levels left.
You didn't know any spells.
Your spell library contained the following spells:

 Spells                   Type           Power      Damage    Failure   Level
 Necrotise                Necr           0%         1d4       36%         1
 Call Canine Familiar     Summ           0%         N/A       73%         3
 Portal Projectile        Hex/Tloc       0%         N/A       73%         3
 Vampiric Draining        Necr           0%         2d6       73%         3
 Leda's Liquefaction      Hex/Erth       0%         N/A       98%         4
 Agony                    Necr           0%         N/A       100%        5


Dungeon Overview and Level Annotations

Branches:
Dungeon (2/15)

Altars:
Nemelex Xobeh


Innate Abilities, Weirdness & Mutations

You are a hulking beast.
Your limbs bulge with bestial killing power. (Slay +1)
You cannot wear most types of armour.
You are amphibious.
You can wear up to eight rings at the same time.
Your skin changes colour to match your surroundings (Stealth+).
Your rubbery body absorbs attacks. (AC +1, EV +1)
((You are camouflaged when in or above water. (Stealth+)))
You have tentacles for arms and can constrict up to eight enemies at once.


Message History

Found 5 stones, 20 gold pieces and a metallic grey potion.
Unknown command.
You now have 67 gold pieces (gained 12).
An ogre comes into view. It is wielding a +0 giant club.
A quokka comes into view.
Found a sparkling altar of Nemelex Xobeh.
An orc comes into view. It is wielding a +0 morningstar.
The orc shouts!
A goblin comes into view. It is wielding a +0 dagger.
The goblin shouts!
You tentacle-slap the orc. Your grab misses the orc.
The orc is severely wounded.
The orc misses you.
You tentacle-slap the orc.
You kill the orc!
You tentacle-slap the quokka. You grab the quokka. You squeeze the quokka.
You kill the quokka!
You see here a quokka corpse.
You closely miss the goblin. You grab the goblin.
You constrict the goblin, but do no damage.
The goblin misses you.
You tentacle-slap the goblin.
You kill the goblin!
Your Dodging skill increases to level 3!
You see here a +0 dagger.
No target in view!
You see here a quokka corpse.
You pick up a book of the Hunter and begin reading...
You add the spells Call Canine Familiar, Portal Projectile and Leda's Liquefaction to your library.
No target in view!
An ogre comes into view. It is wielding a +0 giant club.
An ogre is nearby!
The ogre shouts!
Okay, then.
You fade into invisibility!
You tentacle-slap the ogre.
The ogre is lightly wounded.
The ogre hits you with a +0 giant club!!
Ouch! That really hurt!
You die...

#......#######
#............#
#..####.####.#
#####..##.....##.#
#..##..#.......#.#
...##..#.......#.#
...#....†)._.....#
.......#)......#.#
.......#.......#h#
...#...##.....##O##
..###..####.####..#
..# .............##
#......#.........#
#..#..##.#..####..
#. .. #.$. ..##.
... ..


You could see an ogre (unable to see you).

Vanquished Creatures
  A dart slug (D:1)
  An orc (D:4)
  3 ball pythons (D:1)
  4 bats (D:1)
  6 endoplasms (D:1)
  A giant cockroach (D:2)
  3 hobgoblins
  4 quokkas
  A frilled lizard (D:1)
  4 goblins
  5 kobolds (D:1)
  A rat (D:1)
34 creatures vanquished.

Notes
Turn   | Place    | Note
-------+----------+-------------------------------------------
     0 | D:1      | zenocrate the Octopode Shapeshifter began the quest for the
                  | Orb.
     0 | D:1      | Reached XP level 1. HP: 13/13 MP: 1/1
   139 | D:1      | Reached XP level 2. HP: 18/18 MP: 2/2
   478 | D:1      | Reached XP level 3. HP: 23/23 MP: 3/3
   938 | D:2      | You fall into a shaft and drop 2 floors!
   948 | D:4      | Noticed an ogre
   979 | D:4      | Found a sparkling altar of Nemelex Xobeh.
  1013 | D:4      | Noticed an ogre
  1022 | D:4      | Mangled by an ogre

Illustrated notes

Levels and vault maps discovered:
D:1:      saegor_arrival_fortress, layout_loops_ring, minmay_misc_feat_columns,
          hangedman_abyss_or_decor_lesser_grid
D:2:      layout_rooms, kennysheep_donut
D:4:      layout_cave_pools, old_standard_altar

Skill      XL: |  1  2  3 |
---------------+----------+-----
Dodging        | 3 |  3.0
Fighting       | |  1.0
Unarmed Combat | |  3.7
Spellcasting   | |  0.5
Shapeshifting  | |  3.0

Action                     || total
---------------------------++-------
  Melee: Unarmed           ||    61
         Tentacles         ||    13
         Constrict         ||    18
         Punch             ||     1
    Use: Scroll            ||     4
         Potion            ||     1
   Stab: Sleeping          ||     3
 Armour: Skin              ||     4
  Dodge: Dodged            ||    22

Table legend: (Time is in decaauts)
 A = Elapsed time spent in this place.
 B = Non-inter-level travel time spent in this place.
 C = Inter-level travel time spent in this place.
 D = Time resting spent in this place.
 E = Time spent auto-exploring this place.
 F = Levels seen in this place.
 G = Mean time per level.
                   A        B        C        D        E       F      G
               +--------+--------+--------+--------+--------+-----+--------+
         Total |   1017 |    999 |     18 |      0 |    770 |   3 |  339.0 |
       Dungeon |   1017 |    999 |     18 |      0 |    770 |   3 |  339.0 |
               +--------+--------+--------+--------+--------+-----+--------+

Top non-repeatable levels by time:
     D:1: 883 daAuts
     D:4: 83 daAuts
     D:2: 50 daAuts
